 Dungeon Crawl Stone Soup version 0.30.0-29-ga12c61a403 (webtiles) character file.

Game seed: 2766793864208228379

8 McKennaii the Trooper (level 2, 24/24 HPs)
             Began as a Demonspawn Fighter on June 3, 2023.
             Quit the game on level 1 of the Dungeon.
             The game lasted 00:00:28 (301 turns).

McKennaii the Trooper (Demonspawn Fighter)           Turns: 301, Time: 00:00:28

Health: 24/24      AC:  7    Str: 16    XL:     2   Next: 0%
Magic:  2/2        EV:  8    Int:  9    God:
Gold:   37         SH:  4    Dex: 12    Spells: 1/1 levels left

rFire   . . .        a - +0 trident
rCold   . . .        c - +0 buckler
rNeg    . . .        b - +0 scale mail
rPois   .            (no helmet)
rElec   .            g - +0 cloak
rCorr   .            (no gloves)
SInv    .            (no boots)
Will    .....        (no amulet) Stlth
                     (no ring)
HPRegen 0.24/turn    (no ring)
MPRegen 0.08/turn

%: no passive effects
@: no status effects
A: demonic magic 1
a: no special abilities


You were on level 1 of the Dungeon.
You visited 1 branch of the dungeon, and saw 1 of its levels.

You collected 37 gold pieces.

Inventory:

Hand Weapons
 a - a +0 trident (weapon)
Armour
 b - a +0 scale mail (worn)
 c - a +0 buckler (worn)
 g - a +0 cloak (worn)
 h - +0 storm dragon scales
Scrolls
 f - 2 scrolls of identify {unknown}
Potions
 d - a potion of might
 e - 2 potions of heal wounds {unknown}


   Skills:
 + Level 3.1 Fighting
 + Level 2.0 Polearms
 + Level 2.8 Armour
 + Level 2.8 Shields


You had one spell level left.
You didn't know any spells.
Your spell library was empty.

Dungeon Overview and Level Annotations

Branches:
Dungeon (1/15)

Altars:

Shops:
D:1 (


Innate Abilities, Weirdness & Mutations

Spells you cast may paralyse adjacent enemies.


Message History

A rat is nearby!
A rat is nearby!
You reach to attack!
You puncture the rat!
You kill the rat!
You see here a rat corpse.
Found a cloak.
No target in view!
You see here a +0 cloak.
You now have 26 gold pieces (gained 12).
You see here a +4 short sword of venom.
No target in view!
There is a stone staircase leading down here.
A rat comes into view.
You reach to attack!
You closely miss the rat.
A rat is nearby!
You hit the rat.
You kill the rat!
No target in view!
No target in view!
You see here a +4 short sword of venom.
You see here a +0 cloak.
g - a +0 cloak You start putting on your armour.
You continue putting on your +0 cloak. x4
You finish putting on your +0 cloak.
f - 2 scrolls labelled DAOBAA RISO (gained 1)
You now have 37 gold pieces (gained 11).
A goblin comes into view. It is wielding a +0 dagger.
The goblin shouts!
A goblin is nearby!
Found storm dragon scales.
You reach to attack!
You barely miss the goblin. You hit the goblin.
You kill the goblin!
Your Polearms skill increases to level 2!
You have reached level 2!
Your demonic ancestry asserts itself...
A menacing aura infuses your magic.
You see here +0 storm dragon scales. h - +0 storm dragon scales Are you sure you want to abandon this character and quit the game? (Confirm with "yes".)

#.###..........)..
##.#.###.######### ##.##
#.# ### #.# #.#
###########†# #######
####....)......###......
.........###..###...####
.##..#@.# #............
#. #..# #.####...####
#..# #.# ##.## #..# #.#
#.##### #..# #.# #......
...# #.# ####### ##.#
#.# .# #.# #.#


There were no monsters in sight!

Vanquished Creatures
  An endoplasm (D:1)
  A goblin (D:1)
  A hobgoblin (D:1)
  A kobold (D:1)
  A ball python (D:1)
  A bat (D:1)
  2 rats (D:1)
8 creatures vanquished.

Notes
Turn   | Place    | Note
-------+----------+-------------------------------------------
     0 | D:1      | McKennaii the Demonspawn Fighter began the quest for the
                  | Orb.
     0 | D:1      | Reached XP level 1. HP: 18/18 MP: 1/1
    20 | D:1      | Found Ucasum's Weapon Boutique.
   298 | D:1      | Gained mutation: Spells you cast may paralyse adjacent
                  | enemies. [demonic ancestry]
   298 | D:1      | Reached XP level 2. HP: 24/24 MP: 2/2
   301 | D:1      | Quit the game

Illustrated notes

Levels and vault maps discovered:
D:1:      elethiomel_arrival_shortcut, layout_loops_ring, serial_shops, shop

Skill      XL: |  1 |
---------------+----+-----
Polearms       | 2 |  2.0
Fighting       | |  3.1
Armour         | |  2.8
Shields        | |  2.8

Action                     || total
---------------------------++-------
  Melee: Trident           ||    18
 Armour: Scale mail        ||     3
  Dodge: Dodged            ||     5
  Block: Buckler           ||     4
